AoeStats
← | ArCas | Toruk Makto

African Clearing

504314845Analyzed
4v4 RM · 27d ago on Sep 4, 2026· 39m 38s· 8 players
Game mode
Random Map
Map size
Large (8 player)
Population
200
Speed
Normal
Resources
Standard
Victory
Conquest
Starting age
Dark Age
Ending age
Imperial Age
RankedLock teamsTeams togetherTeam positionsShared explorationLock speedFull tech treeHidden civsTurbo modeCheats
Victory
Defeat
🇲🇽 Bengalis · Mexico
1442
+11
🇦🇷 Khmer · Argentina
1350
+15
🇦🇷 Hindustanis · Argentina
1291
+17
🇧🇷 Koreans · Brazil
1235
+19
🇫🇷 Mongols · France
1391
-19
🇦🇷 Persians · Argentina
1316
-15
🇫🇷 Berbers · France
1313
-15
🇬🇧 Bulgarians · United Kingdom
1273
-13
Alexiỗs
11:53 Loom
13:45 Feudal Age
17:46 Castle Age
15:53 Double-Bit Axe
18:50 Fletching
24:45 Bodkin Arrow
26:33 Padded Archer Armor
36:24 Horse Collar
38:50 Bow Saw
JOK3R_LSR
6:56 Loom
11:32 Feudal Age
14:06 Feudal Age
15:11 Double-Bit Axe
17:59 Castle Age
17:05 Town Watch
20:15 Fletching
20:42 Bow Saw
26:11 Horse Collar
26:51 Bodkin Arrow
28:44 Stone Mining
30:48 Wheelbarrow
31:19 Heavy Plow
31:42 Gold Mining
36:11 Imperial Age
34:51 Gold Shaft Mining
37:01 Bracer
37:16 Padded Archer Armor
37:47 Parthian Tactics
King Hansonite III
8:22 Loom
16:16 Feudal Age
19:12 Forging
19:52 Scale Mail Armor
23:01 Arson
26:22 Fletching
34:58 Double-Bit Axe
40:30 Castle Age
jj
8:18 Loom
13:16 Feudal Age
17:07 Horse Collar
19:57 Castle Age
19:37 Forging
20:35 Bloodlines
21:40 Double-Bit Axe
23:46 Husbandry
25:06 Scale Barding Armor
28:34 Chain Barding Armor
33:02 Town Watch
33:55 Heavy Plow
36:01 Wheelbarrow
37:19 Iron Casting
YuF
12:22 Loom
14:51 Feudal Age
16:44 Wheelbarrow
16:07 Double-Bit Axe
16:36 Gold Mining
19:50 Castle Age
18:53 Bloodlines
21:16 Bow Saw
21:08 Husbandry
21:18 Fletching
22:19 Bodkin Arrow
23:33 Padded Archer Armor
24:29 Horse Collar
25:32 Town Watch
27:13 Paiks
27:33 Heavy Plow
29:34 Leather Archer Armor
34:07 Hand Cart
33:48 Stone Mining
37:18 Scale Barding Armor
37:43 Ballistics
39:01 Chain Barding Armor
SirT_Maji
12:51 Loom
15:12 Feudal Age
19:38 Castle Age
20:21 Fletching
21:13 Double-Bit Axe
21:47 Horse Collar
29:21 Wheelbarrow
35:20 Imperial Age
33:31 Bodkin Arrow
33:22 Elite Skirmisher
34:07 Gold Mining
34:47 Ballistics
37:21 Chemistry
37:21 Bracer
38:44 Forging
| ArCas | Toruk Makto
13:16 Feudal Age
16:11 Castle Age
14:18 Loom
14:26 Gold Mining
15:17 Double-Bit Axe
16:09 Bloodlines
29:47 Horse Collar
32:23 Heavy Plow
32:33 Town Watch
33:23 Husbandry
33:55 Forging
33:51 Scale Barding Armor
36:46 Wheelbarrow
38:53 Light Cavalry
40:24 Iron Casting
Bitt
9:12 Loom
11:44 Feudal Age
11:56 Man-at-Arms
23:26 Scale Mail Armor
32:09 Castle Age
30:02 Double-Bit Axe
30:12 Horse Collar
32:33 Gold Mining
38:59 Scale Barding Armor
39:12 Bloodlines
39:11 Husbandry
Connection lost

Rejoining the realm…

Still unreachable

The connection could not be restored.

Session expired

The server has moved on; the page needs a fresh start.